 Dungeon Crawl Stone Soup version 0.25-a0-339-gb37b713 (webtiles) character file.

Game seed: 4727658303423946219, levelgen mode: deterministic

39 Birdy the Covered (level 3, -2/31 HPs)
             Began as a Tengu Gladiator on Dec 28, 2019.
             Slain by a bullfrog (8 damage)
             ... on level 2 of the Dungeon.
             The game lasted 00:01:35 (1136 turns).

Birdy the Covered (Tengu Gladiator)                 Turns: 1136, Time: 00:01:35

Health: -2/31      AC:  4    Str: 20    XL:     3   Next: 45%
Magic:  4/4        EV: 13    Int:  8    God:
Gold:   40         SH:  0    Dex: 15    Spells: 2/2 levels left

rFire    . . .     SeeInvis .   a - +0 long sword
rCold    . . .     Gourm    .   (no shield)
rNeg     . . .     Faith    .   b - +0 leather armour
rPois    .         Spirit   .   c - +0 hat
rElec    .         Reflect  .   (no cloak)
rCorr    .         Harm     .   j - +0 pair of gloves
MR       .....                  (boots unavailable)
Stlth    ..........             (no amulet)
HPRegen  0.10/turn              (no ring)
MPRegen  0.09/turn              (no ring)

@: berserking (expiring), very quick
A: beak, talons 3
a: no special abilities


You were on level 2 of the Dungeon.
You were hungry.

You visited 1 branch of the dungeon, and saw 2 of its levels.

You collected 40 gold pieces.

Inventory:

Hand Weapons
 a - a +0 long sword (weapon)
Missiles
 d - 3 throwing nets (quivered)
Armour
 b - a +0 leather armour (worn)
 c - a +0 hat (worn)
 j - a +0 pair of gloves (worn)
Scrolls
 e - a scroll of immolation {unknown}
 k - a scroll of fear {unknown}
 m - a scroll of blinking {unknown}
Potions
 h - a potion of heal wounds
 i - a potion of curing
 n - a potion of brilliance {unknown}
Comestibles
 f - a ration


   Skills:
 - Level 2.0 Fighting
 - Level 3.2 Long Blades
 - Level 2.0 Throwing
 + Level 3.3 Armour
 - Level 3.2 Dodging


You had 2 spell levels left.
You didn't know any spells.
Your spell library was empty.

Dungeon Overview and Level Annotations

Branches:
Dungeon (2/15)

Altars:
The Shining One

Annotations:
D:2 Sigmund


Innate Abilities, Weirdness & Mutations

You have a beak for a mouth.
You have claws for feet.


Message History

There is a stone staircase leading up here.
A red film seems to cover your vision as you go berserk!
You feel yourself moving faster!
You feel mighty! The hobgoblin hits you with a +0 club.
Sigmund hits you but does no damage.
You slash the hobgoblin!
You kill the hobgoblin!
Sigmund gestures at you while chanting. The magic dart hits you!
You completely miss Sigmund. Your kick misses Sigmund.
Sigmund drinks a potion.
Sigmund flickers and vanishes!
Deactivating autopickup; reactivate with Ctrl-A.
You closely miss something. Your kick misses something. Something hits you.
* * * LOW HITPOINT WARNING * * *
A dart slug comes into view.
You closely miss something. The bullfrog hits you.
* * * LOW HITPOINT WARNING * * *
You slash the bullfrog! Your peck misses the bullfrog.
The bullfrog is moderately wounded.
The bullfrog hits you!
You die...

.. .. .. ..
## #.
##########...
..
#.......)..
.# #....{..#
# ...#...F@.#
# ....>..<).#
.....w##### .
..... ....
... .. .


You could see a bullfrog and a dart slug.

Vanquished Creatures
  A dart slug (D:1)
  2 leopard geckos
  8 bats
  A giant cockroach (D:1)
  2 goblins (D:1)
  3 hobgoblins
  4 jackals (D:1)
  3 kobolds
  A ball python (D:1)
  4 frilled lizards (D:1)
  4 rats (D:1)
33 creatures vanquished.

Notes
Turn   | Place    | Note
-------+----------+-------------------------------------------
     0 | D:1      | Birdy the Tengu Gladiator began the quest for the Orb.
     0 | D:1      | Reached XP level 1. HP: 12/12 MP: 2/2
    73 | D:1      | You fall into a shaft and drop 1 floor!
    76 | D:2      | Reached skill level 1 in Armour
    87 | D:2      | Reached XP level 2. HP: 5/17 MP: 3/3
   635 | D:1      | Reached XP level 3. HP: 21/21 MP: 4/4
   981 | D:1      | Found a glowing golden altar of the Shining One.
  1129 | D:2      | Noticed Sigmund
  1129 | D:2      | Noticed a bullfrog
  1136 | D:2      | Slain by a bullfrog

Levels and vault maps discovered:
D:1:      wheals_arrival_shading, layout_basic, kennysheep_another_room,
          tso_metal_star
D:2:      layout_rooms, lemuel_round_altar, glass_columns_b, uniq_terence,
          uniq_sigmund

Skill      XL: |  1  2  3 |
---------------+----------+-----
Armour         | 1 2 3 |  3.3
Fighting       | |  2.0
Long Blades    | |  3.2
Throwing       | |  2.0
Dodging        | |  3.2

Action                   || total
-------------------------++-------
Melee: Long sword        ||    52
       Peck              ||    10
       Kick              ||     9
  Use: Scroll            ||     3
       Potion            ||     1
 Stab: Sleeping          ||     2
Armor: Leather armour    ||    16
Dodge: Dodged            ||    56
       Rpst.: Long sword ||    21

Table legend:
 A = Non-vault XP
 B = Vault XP
 C = Vault XP percentage of total XP
 D = Non-vault monster count
 E = Vault monster count
 F = Vault count percentage of total count
                 A         B        C        D         E       F
            +---------+---------+-------+---------+---------+-------
      Total |      56 |       0 |   0.0 |      33 |       0 |   0.0
            +---------+---------+-------+---------+---------+-------
        D:1 |      46 |       0 |   0.0 |      28 |       0 |   0.0
        D:2 |      10 |       0 |   0.0 |       5 |       0 |   0.0
            +---------+---------+-------+---------+---------+-------
